Map: Dash and Terminal LE (Void)

Players

aleks

  • Race: Protoss Protoss
  • League: Bronze

NEgadeSVeneR - Winner!

  • Race: Terran Terran
  • League: Silver

VOD

Have the link to the VOD?

Description

Time

  • Played on: Oct. 26, 2015, 7:33 a.m.
  • Length: 17:53
Show
View Real Time Build Order
Export as new Build Order

aleks Protoss 

Build Orders: Dark Templar Rush 

Get SALT Encoding   

  12  0:03  Probe (Chrono Boost)  
  13  0:16  Pylon  
  13  0:19  Probe (Chrono Boost)  
  14  0:29  Probe (Chrono Boost)  
  15  0:40  Probe (Chrono Boost), Gateway  
  16  0:50  Probe (Chrono Boost)  
  17  0:59  Assimilator  
  17  1:01  Probe (Chrono Boost)  
  18  1:05  Assimilator  
  19  1:11  Probe (Chrono Boost)  
  19  1:22  Probe (Chrono Boost)  
  20  1:30  Cybernetics Core  
  20  1:32  Probe (Chrono Boost)  
  21  1:36  Pylon  
  21  1:43  Probe (Chrono Boost)  
  22  1:53  Probe (Chrono Boost)  
  23  2:10  Nexus  
  23  2:13  Warp Gate (Chrono Boost)  
  23  2:33  Twilight Council  
  23  2:37  Robotics Facility  
  23  2:46  Mothership Core  
  25  3:19  Probe  
  26  3:25  Observer  
  27  3:31  Probe  
  27  3:32  Dark Shrine  
  28  3:38  Pylon  
  28  3:43  Probe  
  28  3:44  Probe  
  30  3:54  Probe  
  30  3:55  Probe  
  31  4:05  Probe  
  31  4:07  Probe  
  33  4:15  Probe  
  33  4:20  Probe  
  35  4:25  Gateway  
  35  4:26  Probe  
  35  4:27  Gateway  
  35  4:31  Gateway, Warp Prism  
  36  4:32  Probe  
  36  4:35  Gateway  
  36  4:36  Probe  
  40  4:44  Probe  
  41  4:47  Probe, Gateway  
  42  4:56  Probe  
  42  4:58  Probe  
  42  4:59  Forge  
  43  5:08  Probe  
  43  5:09  Probe  
  45  5:14  Assimilator  
  45  5:17  Assimilator  
  45  5:19  Probe  
  45  5:20  Probe  
  47  5:27  Observer  
  48  5:30  Probe  
  48  5:32  Probe, Protoss Ground Weapons Level 1  
  50  5:37  Protoss Air Weapons Level 1 (Chrono Boost)  
  50  5:40  Probe  
  51  6:00  Nexus  
  51  6:15  Nexus  
  48  6:22  Dark Templar x3  
  48  6:23  Dark Templar x2  
  42  7:04  Nexus  
  42  7:08  Pylon  
  42  7:13  Pylon  
  42  7:14  Pylon  
  42  7:19  Dark Templar x2  
  42  7:20  Dark Templar  
  42  7:21  Dark Templar  
  42  7:38  Photon Cannon  
  42  7:40  Probe  
  43  7:44  Probe  
  43  7:50  Probe  
  44  7:52  Protoss Air Armor Level 1 (Chrono Boost)  
  44  7:55  Probe  
  46  8:01  Probe  
  46  8:05  Probe  
  47  8:09  Photon Cannon  
  47  8:11  Probe  
  48  8:12  Photon Cannon  
  48  8:16  Probe x2  
  51  8:22  Probe  
  51  8:26  Probe  
  50  8:27  Probe  
  46  8:36  Dark Templar  
  46  8:37  Dark Templar x2, Probe  
  53  8:48  Probe  
  53  8:52  Probe  
  55  8:56  Probe  
  55  8:58  Probe  
  57  9:02  Probe  
  57  9:06  Probe  
  57  9:09  Probe  
  59  9:13  Probe  
  61  9:17  Probe  
  61  9:19  Probe  
  61  9:24  Probe x2  
  64  9:27  Probe  
  64  9:30  Probe  
  66  9:34  Probe  
  66  9:35  Protoss Ground Weapons Level 2, Assimilator  
  66  9:36  Probe  
  66  9:38  Probe  
  69  9:40  Probe  
  69  9:45  Pylon  
  71  9:48  Probe x2  
  71  9:49  Assimilator  
  71  9:52  Assimilator  
  73  9:53  Probe  
  73  9:59  Probe  
  74  10:04  Probe  
  76  10:11  Nexus  
  76  10:13  Probe  
  76  10:14  Probe  
  78  10:21  Assimilator  
  78  10:23  Probe  
  78  10:25  Probe  
  80  10:34  Probe  
  80  10:35  Probe  
  80  10:36  Stargate  
  82  10:42  Stargate  
  82  10:45  Probe, Stargate  
  82  10:46  Probe, Stargate  
  84  10:55  Probe  
  84  10:56  Probe  
  85  10:59  Stargate  
  85  11:02  Stargate  
  86  11:09  Pylon  
  86  11:21  Assimilator  
  86  11:26  Assimilator  
  86  11:33  Fleet Beacon  
  86  11:36  Mothership Core  
  86  11:37  Stargate  
  88  11:45  Stargate  
  88  11:47  Stargate  
  88  11:57  Pylon  
  88  12:00  Probe  
  89  12:11  Probe  
  90  12:22  Probe, Graviton Catapult  
  96  12:29  Protoss Air Weapons Level 2 (Chrono Boost)  
  97  12:34  Carrier  
  97  12:35  Carrier x2  
  97  12:36  Carrier  
  115  13:04  Photon Cannon  
  115  13:07  Photon Cannon  
  115  13:08  Photon Cannon  
  115  13:09  Photon Cannon  
  109  13:13  Photon Cannon  
  109  13:15  Pylon  
  99  13:20  Pylon, Anion Pulse-Crystals  
  99  13:23  Pylon  
  97  13:32  Carrier x3  
  97  13:33  Carrier  
  121  13:38  Photon Cannon  
  116  14:02  Cybernetics Core  
  103  14:21  Pylon  
  103  14:23  Pylon  
  96  14:26  Pylon  
  93  14:40  Pylon  
  93  14:45  Pylon  
  91  15:02  Carrier  
  85  15:39  Pylon  
Show
View Real Time Build Order
Export as new Build Order

NEgadeSVeneR Terran - Winner!

Build Orders: MMM Bio 

Get SALT Encoding   

  12  0:01  SCV  
  13  0:13  SCV  
  14  0:20  Supply Depot  
  14  0:25  SCV  
  15  0:42  Barracks  
  15  0:44  SCV  
  16  0:57  SCV, Refinery  
  17  1:09  SCV  
  18  1:21  SCV  
  19  1:33  SCV  
  19  1:39  Command Center  
  20  1:42  Reaper  
  20  1:45  SCV  
  22  1:47  Refinery  
  22  1:57  Orbital Command  
  22  2:15  Barracks Reactor  
  22  2:22  Barracks  
  22  2:23  Barracks  
  22  2:53  Marine  
  22  2:54  Supply Depot, Marine  
  22  2:57  Orbital Command  
  24  2:58  Supply Depot  
  24  3:00  SCV  
  25  3:10  Barracks Tech Lab  
  25  3:11  Barracks Tech Lab  
  25  3:15  SCV  
  26  3:25  Marine  
  26  3:26  Marine  
  28  3:31  SCV x2, Engineering Bay  
  30  3:35  Marauder  
  30  3:40  Concussive Shells  
  32  3:42  Combat Shields  
  32  3:47  Marauder  
  34  3:55  Marine x2  
  36  3:58  Missile Turret  
  36  4:02  Terran Infantry Weapons Level 1  
  36  4:09  Missile Turret  
  36  4:26  Missile Turret  
  36  4:33  Missile Turret, Marine x2  
  36  4:34  Marauder x2  
  36  4:36  Stimpack  
  42  4:43  SCV, Factory  
  42  4:45  SCV  
  44  4:54  Supply Depot  
  44  5:10  Marine x2  
  44  5:11  Marauder  
  44  5:12  Marauder  
  49  5:20  Engineering Bay  
  49  5:27  Supply Depot  
  49  5:28  Marine  
  49  5:29  Marine  
  49  5:31  Factory Reactor  
  49  5:33  Marauder  
  49  5:34  Marauder  
  55  5:39  SCV x2  
  55  5:40  Starport  
  57  5:48  Marine x2  
  59  5:54  SCV  
  59  5:55  SCV  
  61  5:59  Refinery  
  61  6:03  Supply Depot  
  61  6:20  SCV x2  
  63  6:28  Marine  
  63  6:29  Marauder, Marine  
  63  6:30  Medivac x2, Marauder  
  73  6:33  Terran Infantry Armor Level 1  
  73  6:38  Armory, SCV x2  
  65  6:41  Refinery  
  55  6:50  SCV  
  55  6:53  Marine x2, Marauder x2  
  54  7:00  Bunker  
  53  7:06  SCV x2  
  55  7:11  Marine x2  
  55  7:14  Marine  
  57  7:18  SCV x2  
  56  7:30  SCV  
  56  7:31  Marauder  
  56  7:32  Marauder, Marine x2  
  56  7:34  Medivac x2  
  69  7:46  SCV  
  69  7:50  Marine  
  69  7:53  Command Center  
  69  8:02  Missile Turret  
  69  8:12  Marauder  
  71  8:13  Marine  
  71  8:14  Marine  
  71  8:15  Marine  
  71  8:16  Marine  
  75  8:20  Raven  
  75  8:31  Terran Infantry Weapons Level 2, Marine  
  75  8:32  Terran Infantry Armor Level 2  
  76  8:45  Ghost Academy  
  76  8:51  Barracks  
  76  8:52  Marine x2  
  76  8:53  Barracks  
  78  9:04  Marine x2  
  78  9:05  Supply Depot, Marauder, Orbital Command  
  82  9:14  Raven  
  84  9:25  Starport  
  84  9:27  SCV x2  
  86  9:34  Supply Depot  
  86  9:35  Supply Depot, Marine x2  
  86  9:36  Supply Depot, Marine x2  
  86  9:37  Marauder  
  92  9:39  SCV x2  
  92  9:41  Barracks Reactor, Barracks Tech Lab  
  94  9:45  SCV  
  94  9:51  SCV x2  
  97  9:53  Marine x3  
  97  9:54  Marine  
  97  9:58  Marauder  
  103  10:02  Personal Cloaking  
  103  10:03  Ghost  
  105  10:08  Starport Reactor  
  105  10:12  Marine x2  
  105  10:13  Marine x2  
  109  10:17  Marine x2  
  111  10:26  SCV x2  
  113  10:28  Refinery  
  113  10:29  Refinery  
  113  10:31  Marine  
  113  10:32  Ghost  
  116  10:45  Medivac x2  
  116  10:48  Medivac x2  
  124  10:52  Marine  
  125  11:00  Supply Depot  
  125  11:03  Supply Depot  
  125  11:04  Supply Depot x2  
  125  11:21  Ghost  
  125  11:22  Medivac x2, Marine x2  
  125  11:24  Ghost x2  
  125  11:25  SCV x3, Marine x2, Medivac x2  
  146  11:32  Terran Infantry Weapons Level 3  
  146  11:36  Terran Infantry Armor Level 3  
  146  11:37  SCV x2  
  149  11:40  Marine  
  149  11:43  Marine  
  150  12:12  Command Center  
  150  12:13  Refinery  
  150  12:36  Refinery  
  150  12:38  Marine x2  
  150  12:39  Marauder  
  150  12:40  Marauder  
  150  12:41  Marine  
  157  12:50  Supply Depot x3  
  157  12:51  Supply Depot  
  157  12:52  Supply Depot  
  157  12:53  Supply Depot  
  157  13:11  Medivac x2, Marine x2  
  157  13:12  Marauder x3, Medivac x2, Marine x2  
  175  13:29  Marine  
  175  13:33  Marauder  
  178  13:41  Medivac  
  169  14:26  Marine x2  
  169  14:27  Marine, Marauder x2  
  169  14:28  Marauder, Medivac, Marine  
  169  14:29  Medivac x3  
  186  15:08  Orbital Command  
  186  15:16  Marine  
  186  15:17  Marine  
  186  15:18  Marine x2, Marauder x2  
  186  15:19  Marauder  
  155  17:30  Barracks Reactor  
  155  17:32  Barracks Tech Lab  
  155  17:37  Supply Depot  
  155  17:39  Supply Depot x2  
  155  17:41  Supply Depot x2  
  155  17:42  Supply Depot  
Tags
 
Add a new tag
Caveats
  • Supply blocks, unpowered buildings, or Contaminate may cause inaccurate times.
  • Supply counts are checked every 10 seconds.